 Dungeon Crawl Stone Soup version 0.28.0 (webtiles) character file.

Game seed: 3931378277199536576

194 Zeld the Chopper (level 5, -6/45 (47) HPs)
             Began as a Minotaur Delver on Feb 18, 2022.
             Was an Initiate of Trog.
             Mangled by an orc (11 damage)
             ... on level 4 of the Dungeon.
             The game lasted 00:01:50 (2119 turns).

Zeld the Chopper (Minotaur Delver)                  Turns: 2119, Time: 00:01:51

HP:   -6/45 (47)    AC:  3    Str: 18    XL:     5   Next: 44%
MP:   4/4           EV: 12    Int:  7    God:    Trog [......]
Gold: 31            SH:  0    Dex: 12    Spells: 4/4 levels left

rFire   . . .      SeeInvis .   a - +0 hand axe
rCold   . . .      Faith    .   (no shield)
rNeg    . . .      Spirit   .   b - +0 leather armour
rPois   .          Reflect  .   (helmet restricted)
rElec   .          Harm     .   (no cloak)
rCorr   .          Rampage  .   (no gloves)
Will    .....                   (no boots)
Stlth   ++........              (no amulet)
HPRegen 0.15/turn               (no ring)
MPRegen 0.09/turn               (no ring)

@: lightly drained
A: horns 2, retaliatory headbutt
a: Renounce Religion


You were on level 4 of the Dungeon.
You worshipped Trog.
Trog was noncommittal.
You visited 2 branches of the dungeon, and saw 3 of its levels.

You collected 31 gold pieces.

Inventory:

Hand Weapons
 a - a +0 hand axe (weapon)
Armour
 b - a +0 leather armour (worn)
Jewellery
 i - a +6 ring of strength
Wands
 g - a wand of digging (2)
Scrolls
 c - 2 scrolls of fog
 d - a scroll of magic mapping
 e - a scroll of fear
Potions
 h - a potion of mutation {unknown}


   Skills:
 + Level 4.6 Fighting
 * Level 4.7 Axes
 + Level 3.4 Dodging
 + Level 4.6 Stealth


You had 4 spell levels left.
You didn't know any spells.
Your spell library contained the following spells:

 Spells                   Type           Power      Damage    Failure   Level
 Corpse Rot               Necr/Air       0%         N/A       63%         2
 Poisonous Vapours        Pois/Air       0%         N/A       63%         2


Dungeon Overview and Level Annotations

Branches:
Dungeon (5/15)             Temple (1/1) D:5

Altars:
Cheibriados
Elyvilon
Fedhas
Kikubaaqudgha
Nemelex Xobeh
Okawaru
Qazlal
Ru
Trog
Uskayaw
Wu Jian
Yredelemnul
The Shining One


Innate Abilities, Weirdness & Mutations

You have a pair of horns on your head.
You reflexively headbutt those who attack you in melee.


Message History

The kobold throws a stone.
The stone barely misses you.
The hound barks!
The hound stops to sniff the ground.
The orc closely misses you. The hound barely misses you.
Found a stone staircase leading up.
The hound barely misses you.
Found 25 gold pieces.
The hound stops to sniff the ground.
Found a whip.
The hound barely misses you. You furiously retaliate!
You headbutt the hound! The hound bites you.
* * * LOW HITPOINT WARNING * * *
You barely miss the hound.
The hound is heavily wounded.
You hit the orc but do no damage. The hound bites you.
* * * LOW HITPOINT WARNING * * *
The orc closely misses you.
Unknown command.
You hit the hound but do no damage. Your headbutt misses the hound.
The hound is heavily wounded.
You hit the orc but do no damage. The hound misses you.
You furiously retaliate!
You headbutt the hound. The orc hits you with a +0 morningstar.
* * * LOW HITPOINT WARNING * * *
The hound barely misses you.
You hit the hound.
The hound is almost dead.
You hit the orc but do no damage. The hound closely misses you.
The orc closely misses you. The hound closely misses you.
You furiously retaliate!
You headbutt the hound.
You kill the hound!
Trog accepts your kill.
You hit the orc.
The orc is heavily wounded.
The orc misses you.
Unknown command.
There is a stone staircase leading up here.
You hit the orc.
The orc is almost dead.
The orc hits you with a +0 morningstar!
You die...

#........#.............#
.........#.............#
##.......##....##.......#
########.......#
#..............#
#...............
#...K...........
#...............
#@o†............
#...............
#..............#
#$.......$.....
#.........##. #)........#
#.........# ##....##..


You could see an orc and a kobold.

Vanquished Creatures
  A centaur (D:5)
  A water moccasin zombie (D:5)
  2 hounds
4 creatures vanquished.

Notes
Turn   | Place    | Note
-------+----------+-------------------------------------------
     0 | D:5      | Zeld the Minotaur Delver began the quest for the Orb.
     0 | D:5      | Reached XP level 1. HP: 19/19 MP: 0/0
    32 | D:5      | Found a staircase to the Ecumenical Temple.
    40 | Temple   | Entered the Ecumenical Temple
   219 | Temple   | Became a worshipper of Trog the Wrathful
   350 | D:5      | Noticed a hound
   357 | D:5      | Killed a hound
   358 | D:5      | Reached XP level 2. HP: 18/27 MP: 1/1
   358 | D:5      | Reached XP level 3. HP: 22/33 MP: 2/2
   461 | D:5      | Reached XP level 4. HP: 34/40 MP: 3/3
   496 | D:5      | Noticed a centaur
  1814 | D:5      | Killed a centaur
  1815 | D:5      | Reached XP level 5. HP: 23/47 MP: 4/4
  2119 | D:4      | Mangled by an orc

Illustrated notes

Levels and vault maps discovered:
D:4:      layout_gridville, grunt_ministairs_1, minmay_joined_circles,
          uniq_robin
D:5:      layout_loops_ring, mainiacjoe_overflow_surrounded_room, zin_angel,
          minmay_temple_entry_offerings, minmay_misc_feat_columns, minivault_14
Temple:   oiseaux_autumnal_temple

Skill      XL: |  1  2  3 |
---------------+----------+-----
Fighting       | 4 |  4.6
Axes           | 3 4 |  4.7
Dodging        | 3 |  3.4
Stealth        | |  4.6

Action                   |  1- 3 |  4- 6 || total
-------------------------+-------+-------++-------
Melee: Hand axe          |     9 |    17 ||    26
       Headbutt          |     2 |     2 ||     4
       Punch             |     1 |       ||     1
Evoke: Wand              |       |     1 ||     1
  Use: Potion            |       |     1 ||     1
Armor: Leather armour    |     1 |     4 ||     5
Dodge: Dodged            |     8 |    35 ||    43
